 Dungeon Crawl Stone Soup version 0.16-a0-3552-ge2e736f (webtiles) character file.

246 Minkie the Grave Robber (level 5, -4/35 HPs)
             Began as a Mummy Necromancer on Jan 9, 2015.
             Was a Follower of Makhleb.
             Slain by an ogre
             ... wielding a +0 giant club
              (18 damage)
             ... on level 4 of the Dungeon.
             The game lasted 00:13:38 (3688 turns).

Minkie the Grave Robber (Mummy Necromancer)         Turns: 3688, Time: 00:13:38

Health: -4/35      AC:  9    Str: 11    XL:     5   Next: 84%
Magic:  9/9        EV:  5    Int: 15    God:    Makhleb [*.....]
Gold:   150        SH:  0    Dex: 12    Spells: 2 memorised, 3 levels left

rFire  x . .     SeeInvis .     g - +0 whip (elec)
rCold  + . .     Clarity  .     m - +0 chain mail
rNeg   + + +     SustAb   .     (no shield)
rPois  ∞         Gourm    .     (no helmet)
rElec  .         Spirit   .     c - +0 cloak
rCorr  .         Warding  .     (no gloves)
rMut   .         Stasis   .     (no boots)
MR     .....                    (no amulet)
Stlth  ..........               (no ring)
                                (no ring)

@: not resistant to hostile enchantments, extremely unstealthy
A: no food or potions, fire vulnerability, restore body, cold resistance 1,
negative energy resistance 3, poison resistance, torment resistance, unbreathing
a: Renounce Religion


You were on level 4 of the Dungeon.
You worshipped Makhleb.
Makhleb was aware of your devotion.
You were not hungry.

You visited 1 branch of the dungeon, and saw 4 of its levels.

You collected 150 gold pieces.

Inventory:

Hand weapons
 g - a +0 whip of electrocution (weapon)
Armour
 c - a +0 cloak (worn)
 m - a +0 chain mail (worn)
Jewellery
 i - an uncursed ring of fire {unknown}
Magical devices
 a - a wand of polymorph (5)
 l - a wand of polymorph (4)
Scrolls
 d - 2 scrolls of identify {unknown}
 e - 3 scrolls of remove curse {unknown}
 f - a scroll of random uselessness {unknown}
 h - a scroll of teleportation {unknown}
 j - a scroll of recharging {unknown}
 k - 3 scrolls of immolation {unknown}
 n - a scroll of enchant weapon {unknown}
Books
 b - a book of Necromancy

   Spells                             Type                      Level
   a - Pain                           Necromancy                   1
   b - Animate Skeleton               Necromancy                   1
   c - Vampiric Draining              Necromancy                   3
   d - Regeneration                   Charms/Necromancy            3
   e - Animate Dead                   Necromancy                   4
   f - Control Undead                 Necromancy                   4


   Skills:
 + Level 3.0 Maces & Flails
 - Level 1.5 Dodging
 - Level 1.5 Stealth
 - Level 2.0 Spellcasting
 - Level 6.0 Necromancy


You had 3 spell levels left.
You knew the following spells:

 Your Spells              Type           Power        Failure   Level  Hunger
a - Pain                  Necr           ###.         99%         1    N/A
b - Animate Dead          Necr           N/A          100%        4    N/A

Dungeon Overview and Level Annotations

Branches:
Dungeon (4/15)
 Temple: D:4-7

Altars:
Fedhas
Makhleb


Innate Abilities, Weirdness & Mutations

You do not eat or drink.
Your flesh is vulnerable to fire.
Your flesh is cold resistant.
You are immune to negative energy.
Your system is resistant to poisons.
You are immune to unholy pain and torment.
You can survive without breathing.


Message History

The worker ant completely misses you.
The worker ant bites you but does no damage.
The hobgoblin hits you but does no damage.
You hit the worker ant.
The worker ant is almost dead.
The worker ant bites you. The worker ant barely misses you.
The hobgoblin hits you but does no damage.
The ogre hits you with a giant club!
You hit the worker ant but do no damage.
There is a sudden explosion of sparks!
You kill the worker ant!
Makhleb accepts your kill.
Your Maces & Flails skill increases to level 3!
The worker ant bites you but does no damage.
The hobgoblin barely misses you. The worker ant barely misses you.
Your chain mail prevents you from hitting the worker ant.
The worker ant is moderately wounded.
The ogre hits you with a giant club!!
Ouch! That really hurt!
You die...

......#.##..#...#
......+..'..'...#
......#.##.##...#
+......#)##.##...#
#.......(.#...Z..#
........(.#+##...#
.......=(....#...#
....#'#.Oa...#...#
.. #.'.g@...#...#
+.#..)...#...#
#......#...#
#......#...#
#......#...#
+....$.#...#
#......#.).#
#.....$#...# ...
#<..#


You could see an ogre, a worker ant and a hobgoblin.

Vanquished Creatures
  2 orc priests
  A worker ant (D:4)
  Terence (D:3)
  7 adders
  A giant mite (D:3)
  A worm (D:1)
  2 giant geckos
  6 orcs
  8 bats
  2 giant cockroaches
  6 goblins
  10 hobgoblins
  4 jackals (D:1)
  7 kobolds
  3 giant newts
  3 quokkas (D:2)
  7 rats
71 creatures vanquished.

Vanquished Creatures (others)
  2 orc skeletons (D:4)
2 creatures vanquished.

Grand Total: 73 creatures vanquished

Notes
Turn   | Place    | Note
--------------------------------------------------------------
     0 | D:1      | Minkie, the Mummy Necromancer, began the quest for the Orb.
     0 | D:1      | Reached XP level 1. HP: 13/13 MP: 3/3
   201 | D:1      | Reached XP level 2. HP: 19/19 MP: 0/4
   888 | D:1      | Reached skill level 5 in Necromancy
   888 | D:1      | Reached XP level 3. HP: 24/24 MP: 0/6
  1197 | D:2      | Found a burning altar of Makhleb.
  1526 | D:2      | Became a worshipper of Makhleb the Destroyer
  1678 | D:2      | Reached XP level 4. HP: 25/30 MP: 2/7
  1944 | D:2      | Found a blossoming altar of Fedhas.
  2065 | D:2      | Learned a level 4 spell: Animate Dead
  2121 | D:3      | Reached skill level 6 in Necromancy
  2148 | D:3      | Noticed Terence
  2158 | D:3      | Killed Terence
  2417 | D:3      | Reached skill level 1 in Maces & Flails
  2439 | D:3      | Reached XP level 5. HP: 14/35 MP: 9/9
  2459 | D:3      | HP: 1/35 [orc/mace (1)]
  3299 | D:3      | Acquired Makhleb's first power
  3674 | D:4      | Noticed an ogre
  3688 | D:4      | Slain by an ogre

Action                   |  1- 3 |  4- 6 || total
-------------------------+-------+-------++-------
Melee: Unarmed           |    22 |       ||    22
       Whip              |    12 |   149 ||   161
       Spear             |     8 |       ||     8
 Cast: Pain              |    72 |    11 ||    83
       Animate Dead      |       |     4 ||     4
